 Dungeon Crawl Stone Soup version 0.31.0-11-ge490571c62 (webtiles) character file.

Game seed: 13157981971825687824

17268 Gadfly the Grappler (level 12, 0/92 HPs)
             Began as a Demonspawn Shapeshifter on Jan 26, 2024.
             Was an Elder of Ru.
             Slain by an eight-headed hydra (14 damage)
             ... on level 3 of the Lair of Beasts.
             The game lasted 00:25:25 (11806 turns).

Gadfly the Grappler (Demonspawn Shapeshifter)      Turns: 11806, Time: 00:25:26

Health: 0/92       AC:  3    Str: 25    XL:     12   Next: 17%
Magic:  12/12      EV: 22    Int:  9    God:    Ru [****..]
Gold:   1264       SH:  0    Dex: 18    Spells: 4/11 levels left

rFire   + .          .
                       - Unarmed
rCold   + . .        (no shield)
rNeg    + + +        K - +1 robe {rF+}
rPois   .            (helmet currently unavailable)
rElec   .            i - melded +2 cloak
rCorr   .            (gloves currently unavailable)
SInv    .            G - melded +0 pair of boots {Fly}
Will    .....        r - amulet "Komiwipi" {Faith rC+ rN+++ Regen+ Dex-3} Stlth
                     j - +5 ring of evasion
HPRegen 1.95/turn    J - +6 ring of strength
MPRegen 0.13/turn

%: faith
@: beast-form
A: beast (slay +4), thin skeletal structure 2, (demonic guardian 1), spiny 1, no
stealth, hated by all, weak-willed 1, demonic touch 1, agile 1, regeneration 1
a: Begin Untransformation, Renounce Religion, Draw Out Power, Power Leap


You were on level 3 of the Lair of Beasts.
You worshipped Ru.
Ru was greatly pleased with you.
You were a hulking beast.
You visited 3 branches of the dungeon, and saw 14 of its levels.
You also visited: Sewer and Bailey.

You collected 1264 gold pieces.

Inventory:

Hand Weapons
 b - the +10 short sword "Impbane" {freeze, rF+}
   (You found it on level 2 of the Dungeon)

   rF+:       It protects you from fire.
 B - a +7 falchion of draining
Missiles
 p - 3 throwing nets
Armour
 i - a +2 cloak (melded)
 G - a +0 pair of boots of flying (melded)
 K - a +1 robe of fire resistance (worn)
Jewellery
 j - a +5 ring of evasion (left hand)
 r - the amulet "Komiwipi" (around neck) {Faith rC+ rN+++ Regen+ Dex-3}
   (You found it on level 6 of the Dungeon)

   [amulet of faith]

   Faith:     It allows you to gain divine favour quickly.
   Dex-3:     It affects your dexterity (-3).
   rC+:       It protects you from cold.
   rN+++:     It renders you almost immune to negative energy.
   Regen+:    It increases your rate of health regeneration.
 s - a ring of see invisible
 y - a ring of ice
 F - a ring of flight
 J - a +6 ring of strength (right hand)
Talismans
 c - a beast talisman (active)
 d - a flux talisman
 q - a maw talisman
Wands
 u - a wand of paralysis (13)
 z - a wand of flame (21) (quivered)
 D - a wand of polymorph (4)
 E - a wand of mindburst (2)
Scrolls
 l - 3 scrolls of butterflies
 n - a scroll of enchant weapon
 t - 2 scrolls of blinking
 v - 2 scrolls of enchant armour
 w - 3 scrolls of teleportation
 H - a scroll of identify
 I - a scroll of revelation
 L - a scroll of poison
Potions
 a - a potion of resistance
 e - a potion of attraction
 f - 2 potions of lignification
 g - a potion of heal wounds
 h - a potion of berserk rage
 k - 10 potions of curing
 m - 2 potions of haste
 o - a potion of cancellation
 x - a potion of mutation
 A - 2 potions of enlightenment
 C - 2 potions of ambrosia


   Skills:
 + Level 7.8 Fighting
 * Level 8.3 Dodging
 * Level 9.7 Unarmed Combat
 * Level 8.4 Evocations
 * Level 9.0 Shapeshifting


You had 4 spell levels left.
You knew the following spells:

 Your Spells              Type           Power      Damage    Failure   Level
a - Swiftness             Air            0%         N/A       77%         3
b - Passwall              Erth           0%         N/A       77%         3
c - Apportation           Tloc           0%         N/A       38%         1

Your spell library contained the following spells:

 Spells                   Type           Power      Damage    Failure   Level
 Necrotise                Necr           0%         1d4       38%         1
 Sting                    Conj/Alch      0%         1d3       38%         1
 Ensorcelled Hibernation  Hex/Ice        0%         N/A       52%         2
 Mercury Vapours          Alch/Air       0%         N/A       52%         2
 Mephitic Cloud           Conj/Alch/Air  0%         N/A       77%         3
 Vhi's Electric Charge    Tloc/Air       0%         N/A       99%         4
 Arcjolt                  Conj/Air       0%         1d10      100%        5
 Freezing Cloud           Conj/Ice/Air   0%         6-21      100%        5
 Maxwell's Capacitive Co  Air            0%         ∞         100%        8
 Summon Small Mammal      Summ           Unusable   N/A       N/A         1

Dungeon Overview and Level Annotations

Branches:
Dungeon (9/15)             Temple (1/1) D:7            Lair (4/5) D:8
  Swamp (0/4) Lair:2          Orc (0/2) D:9           Sewer (visited)
 Bailey (visited)
  Snake: Lair:2-3    Spider: Lair:2-3     Slime: Lair:4-5

Altars:
Ashenzari
Cheibriados
Dithmenos
Gozag
Makhleb
Nemelex Xobeh
Okawaru
Qazlal
Ru
Sif Muna
Trog
Uskayaw
Vehumet
Wu Jian

Annotations:
D:4 2 transporters, booth's ghost, amateur DsMo


Innate Abilities, Weirdness & Mutations

You are a hulking beast.
Your limbs bulge with bestial killing power. (Slay +4)
You have a moderately thin skeletal structure. (Dex +4, Stealth++)
((A weak demonic guardian rushes to your aid.))
You are partially covered in sharp spines.
You cannot be stealthy.
You are hated by all.
You are slightly weak-willed. (Will-)
Your touch may inflict minor irresistible damage on your foes.
You are agile. (Dex +4, Str/Int -1)
Your natural rate of healing is unusually fast.


Message History

The yak gores you but does no damage.
You barely miss the yak. Your touch misses the yak.
The yak is lightly wounded.
The eight-headed hydra is struck by your spines.
The eight-headed hydra bites you!
The eight-headed hydra barely misses you.
The eight-headed hydra bites you!
The eight-headed hydra completely misses you.
The eight-headed hydra bites you! x2
The eight-headed hydra barely misses you. x2
The yak closely misses you.
The eight-headed hydra attacks as it pursues you!
The eight-headed hydra is struck by your spines.
The eight-headed hydra misses you.
The eight-headed hydra completely misses you.
The eight-headed hydra bites you! The eight-headed hydra misses you.
The eight-headed hydra bites you. The eight-headed hydra bites you!
The eight-headed hydra misses you. The eight-headed hydra bites you!
* * * LOW HITPOINT WARNING * * *
The yak attacks as it pursues you! The yak completely misses you.
You closely miss the yak.
The water moccasin hisses angrily.
You touch the yak!
The yak is moderately wounded.
You barely miss the yak.
The yak is moderately wounded.
The yak is struck by your spines. The yak misses you.
You punch the yak!
You touch the yak!
The yak is almost dead.
The yak is struck by your spines.
You kill the yak!
Aiming: Paralyse
Press: ? - help, Shift-Dir - straight line, f - eight-headed hydra
Aim: an eight-headed hydra (lightly wounded, chance to affect: 33%)
The eight-headed hydra easily resists.
The eight-headed hydra closely misses you.
The eight-headed hydra misses you. The eight-headed hydra bites you!
* * * LOW HITPOINT WARNING * * *
The eight-headed hydra bites you!
You die...

## ##.## ...# #...
#..###
#####..#.#####
#..........#.##
......#.h......#
.......##D...#†###
.##.....†S..###..#
##......#.##...###
#...............#
#..........#...###
##.....##.........#
P......##.>.......#
..........#..##...#


You could see an eight-headed hydra and a water moccasin.

Vanquished Creatures
  A catoblepas (Lair:3)
  A two-headed ogre (D:9)
  An orc knight (Bailey)
  Joseph (D:8)
  5 elephants
  A torpor snail (Lair:3)
  3 black mambas
  3 cane toads
  A rime drake (Lair:1)
  3 komodo dragons
  A kobold demonologist (D:9)
  A polar bear (D:8)
  5 blink frogs
  3 wyverns
  2 basilisks
  Eustachio (D:6)
  17 yaks
  A human (D:9)
  2 wargs (D:9)
  3 steam dragons
  6 water moccasins
  2 black bears
  A sky beast (D:5)
  5 orc warriors
  A crocodile (Sewer)
  6 wolves
  An ogre (D:5)
  An ice beast (D:6)
  4 centaurs
  2 phantoms
  4 bullfrogs
  4 kobold brigands
  2 scorpions (D:5)
  11 wights
  4 killer bees (D:7)
  2 howler monkeys
  A crimson imp (D:6)
  A bombardier beetle (D:5)
  8 orc priests
  4 hounds
  A gnoll bouda (D:5)
  An iguana (D:7)
  16 orc wizards
  12 gnolls
  6 adders
  2 river rats
  2 shadow imps
  2 white imps (D:5)
  2 dart slugs (D:2)
  A ribbon worm (Sewer)
  29 orcs
  12 endoplasms
  A giant cockroach (D:2)
  7 goblins
  15 hobgoblins
  4 jackals
  38 kobolds
  6 quokkas
  11 ball pythons
  6 bats
  10 frilled lizards
  11 rats
321 creatures vanquished.

Vanquished Creatures (collateral kills)
  An orc (D:9)
  A hobgoblin (D:3)
2 creatures vanquished.

Grand Total: 323 creatures vanquished

Notes
Turn   | Place    | Note
-------+----------+-------------------------------------------
     0 | D:1      | Gadfly the Demonspawn Shapeshifter began the quest for the
                  | Orb.
     0 | D:1      | Reached XP level 1. HP: 15/15 MP: 1/1
   356 | D:1      | Gained mutation: Your touch may inflict minor irresistible
                  | damage on your foes. [demonic ancestry]
   356 | D:1      | Reached XP level 2. HP: 21/21 MP: 2/2
   433 | D:1      | Found a faded altar of an unknown god.
   635 | D:2      | Reached skill level 1 in Evocations
   896 | D:2      | You fall into a shaft and drop 1 floor!
  1017 | D:2      | Reached XP level 3. HP: 23/26 MP: 3/3
  1192 | D:2      | Identified the +10 short sword "Impbane" {freeze, rF+}
  1436 | D:2      | Gained mutation: A weak demonic guardian rushes to your
                  | aid. [demonic ancestry]
  1436 | D:2      | Reached XP level 4. HP: 33/33 MP: 4/4
  2018 | D:3      | Noticed a kobold brigand
  2030 | D:3      | Killed a kobold brigand
  2031 | D:3      | Reached XP level 5. HP: 23/38 MP: 5/5
  2639 | D:4      | Noticed booth's ghost (amateur DsMo)
  2639 | D:4      | Noticed an ogre
  2642 | D:4      | Found a transporter.
  2642 | D:4      | Identified the +7 great mace of Propriety {flame, Int+7}
  2642 | D:4      | Noticed an ogre
  2652 | D:4      | Found a transporter.
  2730 | D:4      | Gained mutation: You have a somewhat thin skeletal
                  | structure. (Dex +2, Stealth+) [demonic ancestry]
  2730 | D:4      | Reached XP level 6. HP: 46/46 MP: 6/6
  3087 | D:4      | Learned a level 3 spell: Swiftness
  3298 | D:5      | Entered Level 5 of the Dungeon
  3325 | D:5      | Noticed an orc warrior
  3526 | D:4      | Killed an orc warrior
  3642 | D:5      | Gained mutation: You are partially covered in sharp spines.
                  | [demonic ancestry]
  3642 | D:5      | Reached XP level 7. HP: 49/52 MP: 7/7
  4166 | D:5      | Learned a level 3 spell: Passwall
  4425 | D:6      | Reached XP level 8. HP: 43/60 MP: 8/8
  4475 | D:6      | Found a glowing drain.
  4491 | D:6      | Noticed an angel
  4506 | Sewer    | Entered a sewer
  4985 | Sewer    | Gained mutation: You are vulnerable to heat. (rF-) [potion
                  | of mutation]
  5048 | D:6      | Identified the amulet "Komiwipi" {Faith rC+ rN+++ Regen+
                  | Dex-3}
  5071 | D:6      | Noticed Eustachio
  5077 | D:6      | Killed Eustachio
  5078 | D:6      | Reached skill level 5 in Evocations
  5158 | D:6      | Reached skill level 5 in Unarmed Combat
  5203 | D:6      | Found a burning altar of Makhleb.
  5208 | D:6      | Reached skill level 5 in Dodging
  5248 | D:6      | Found a sacrificial altar of Ru.
  5286 | D:6      | Became a worshipper of Ru the Awakened
  5362 | D:6      | Reached skill level 5 in Shapeshifting
  5516 | D:6      | Found an iron altar of Okawaru.
  5771 | D:7      | Reached XP level 9. HP: 66/66 MP: 9/9
  6253 | D:7      | Found a staircase to the Ecumenical Temple.
  6314 | D:7      | Lost mutation: You are vulnerable to heat. (rF-) [potion of
                  | mutation]
  6314 | D:7      | Gained mutation: You are agile. (Dex +4, Str/Int -1)
                  | [potion of mutation]
  6314 | D:7      | Gained mutation: Your natural rate of healing is unusually
                  | fast. [potion of mutation]
  6375 | D:7      | Found a hide-covered altar of Uskayaw.
  6588 | D:7      | Reached skill level 5 in Fighting
  6848 | D:7      | Found an ornate altar of the Wu Jian Council.
  7039 | Temple   | Entered the Ecumenical Temple
  7839 | D:8      | Noticed Joseph
  7850 | D:8      | Killed Joseph
  8122 | D:8      | Noticed an elephant
  8123 | D:8      | Found a staircase to the Lair.
  8171 | D:7      | Killed an elephant
  8172 | D:7      | Gained mutation: You have a moderately thin skeletal
                  | structure. (Dex +4, Stealth++) [demonic ancestry]
  8172 | D:7      | Reached XP level 10. HP: 48/74 MP: 10/10
  9136 | D:9      | Gained mutation: You cannot be stealthy. [Ru sacrifice]
  9161 | D:9      | Found a staircase to the Orcish Mines.
  9207 | D:9      | Found a flagged portal.
  9214 | Bailey   | Entered a bailey
  9446 | Bailey   | Noticed an orc knight
  9463 | Bailey   | Killed an orc knight
 10010 | D:9      | Noticed a two-headed ogre
 10016 | D:9      | Killed a two-headed ogre
 10070 | D:9      | Reached XP level 11. HP: 83/83 MP: 11/11
 10431 | D:9      | Gained mutation: You are hated by all. [Ru sacrifice]
 10431 | D:9      | Reached * piety under Ru
 10431 | D:9      | Reached ** piety under Ru
 10592 | Lair:1   | Entered Level 1 of the Lair of Beasts
 11376 | Lair:1   | Learned a level 1 spell: Apportation
 11579 | Lair:2   | You fall into a shaft and drop 2 floors!
 11631 | Lair:3   | Reached XP level 12. HP: 59/91 MP: 12/12
 11663 | Lair:2   | Found a staircase to the Swamp.
 11676 | Lair:3   | Gained mutation: You are slightly weak-willed. (Will-) [Ru
                  | sacrifice]
 11676 | Lair:3   | Reached *** piety under Ru
 11676 | Lair:3   | Reached **** piety under Ru
 11704 | Lair:3   | Noticed an eight-headed hydra
 11726 | Lair:3   | HP: 3/91 [yak (13)]
 11780 | Lair:3   | Noticed a catoblepas
 11788 | Lair:3   | Killed a catoblepas
 11806 | Lair:3   | Slain by an eight-headed hydra

Illustrated notes

Levels and vault maps discovered:
D:1:      eino_arrival_cavern_a, layout_basic,
          hellmonk_ecumenical_altar_heavens_door, minmay_pentomino_o2
D:2:      minmay_diamond_boxcup, layout_loops_ring, lexackson_kobold_supper
D:3:      cheibrodos_thug_alley, layout_basic, minmay_distorted
D:4:      layout_loops_ring, gammafunk_ghost_smash
D:5:      layout_cave_pools, tso_oasis_becter, item_on_display_a
D:6:      nicolae_cairo_tiling_very_big, layout_loops_cross,
          makhleb_grotto_becter, okawaru_altar_gauntlet_db, zin_angel,
          mainiacjoe_overflow_concentric_impassable, portal_sewer_entry_c,
          uniq_eustachio
D:7:      nicolae_whirlpool, layout_basic, lemuel_coloured_pillars_altar,
          nicolae_wu_jian_glorious_leap, minmay_temple_entry_ruins
D:8:      layout_layer_cave, elyvilon_altar_3, david_lair_generic,
          hangedman_decor_riveting, nicolae_letterblocks
          [nicolae_letter_subblock, nicolae_letter_subblock,
          nicolae_letter_subblock, nicolae_letter_subblock,
          nicolae_letter_subblock, nicolae_letter_subblock,
          nicolae_letter_subblock, nicolae_letter_subblock,
          nicolae_letter_subblock, nicolae_letter_subblock,
          nicolae_letter_subblock, nicolae_letter_subblock,
          nicolae_letter_subblock, nicolae_letter_subblock,
          nicolae_letter_subblock, nicolae_letter_subblock,
          nicolae_letter_subblock, nicolae_letter_subblock,
          nicolae_letter_subblock, nicolae_letter_subblock,
          nicolae_letter_subblock, nicolae_letter_subblock,
          nicolae_letter_subblock, nicolae_letter_subblock,
          nicolae_letter_subblock], uniq_joseph
D:9:      layout_basic, erik_orc_4, enter_bailey_2
Temple:   hc_temple_tempest_star
Lair:1:   layout_cave_shapes, chequers_serial_rivers_micro_c
Lair:2:   layout_misc_corridors, minmay_swamp_entry_reptiles, roderic_batcave,
          st_stairs_3, serial_bayou_pond_c, minmay_lindwurm_lava,
          lemuel_fruit_tree, uniq_erica
Lair:3:   layout_cave_shapes, minmay_snake_entry_six_corridors, basic_altar,
          nicolae_lair_lil_pond
Lair:4:   dreamdust_isle_of_ice, layout_long_grid

Skill      XL: |  1  2  3  4  5  6  7  8  9 10 11 12 |
---------------+-------------------------------------+-----
Dodging        | 2 3 4 5 6 7 8 |  8.3
Evocations     | 1 2 3 4 5 6 7 8 |  8.4
Unarmed Combat | 3 4 5 6 8 9 |  9.7
Shapeshifting  | 3 4 5 6 7 8 9 |  9.0
Fighting       | 2 3 4 5 6 7 |  7.8

Action                     |  1- 3 |  4- 6 |  7- 9 | 10-12 || total
---------------------------+-------+-------+-------+-------++-------
  Melee: Unarmed           |    74 |       |       |    94 ||   168
         Dagger            |    19 |       |       |       ||    19
         Touch             |    12 |    10 |    45 |    75 ||   142
         Short sword       |    18 |    81 |   205 |   224 ||   528
         Punch             |     1 |     2 |     3 |    11 ||    17
  Throw: Throwing net      |       |       |     1 |       ||     1
   Cast: Passwall          |       |       |     4 |       ||     4
 Invoke: Reject Sacrifices |       |       |     1 |       ||     1
         Sacrifice Stealth |       |       |       |     1 ||     1
         Sacrifice Love    |       |       |       |     1 ||     1
         Sacrifice Essence |       |       |       |     1 ||     1
Ability: Begin Untransform |     1 |       |     1 |     1 ||     3
  Evoke: Wand              |       |       |     7 |     1 ||     8
    Use: Scroll            |     7 |     2 |     7 |     6 ||    22
         Potion            |       |     5 |     5 |     1 ||    11
   Stab: Sleeping          |     2 |     3 |     5 |     1 ||    11
         Distracted        |       |     1 |       |       ||     1
 Armour: Animal skin       |    48 |    28 |   103 |    93 ||   272
         Robe              |       |       |       |    69 ||    69
         Skin              |       |       |       |     5 ||     5
  Dodge: Dodged            |    56 |    45 |   201 |   400 ||   702
   Form: Beast             |     1 |       |     1 |     3 ||     5
         Flux              |       |       |       |     2 ||     2
         Maw               |       |       |       |     1 ||     1
